 Dungeon Crawl Stone Soup version 0.27.1-34-g3ba077fa99 (webtiles) character file.

Game seed: 343612541377306954

732 Malroth the Stinger (level 7, -7/42 (46) HPs)
             Began as a Merfolk Venom Mage on Jan 24, 2022.
             Mangled by a wight (15 damage)
             ... on level 5 of the Dungeon.
             The game lasted 00:58:53 (6034 turns).

Malroth the Stinger (Merfolk Venom Mage)            Turns: 6034, Time: 00:58:55

HP:   -7/42 (46)    AC:  2    Str:  8    XL:     7   Next: 73%
MP:   13/14         EV: 16    Int: 17    God:
Gold: 176           SH:  0    Dex: 14    Spells: 9/15 levels left

rFire    . . .     SeeInvis .   q - +1 dagger (elec)
rCold    . . .     Faith    .   (no shield)
rNeg     . . .     Spirit   .   a - +0 robe
rPois    .         Reflect  .   (no helmet)
rElec    .         Harm     .   (no cloak)
rCorr    .         Rampage  .   (no gloves)
Will     .....                  (no boots)
Stlth    ++........             n - amulet of magic regeneration
HPRegen  0.14/turn              i - +4 ring of evasion
MPRegen  0.39/turn              d - ring of wizardry

@: drained
A: (nimble swimmer 2), mertail
a: no special abilities


You were on level 5 of the Dungeon.
You visited 1 branch of the dungeon, and saw 6 of its levels.

You collected 176 gold pieces.

Inventory:

Hand Weapons
 q - a +1 dagger of electrocution (weapon)
Armour
 a - a +0 robe (worn)
Jewellery
 d - a ring of wizardry (right hand)
 i - a +4 ring of evasion (left hand)
 n - an amulet of magic regeneration (around neck)
 o - a +4 ring of evasion
 p - an amulet of guardian spirit
Wands
 r - a wand of iceblast (8)
Scrolls
 c - 3 scrolls of noise
 e - 3 scrolls of fear
 g - 2 scrolls of identify
 h - 4 scrolls of teleportation
 j - a scroll of silence {unknown}
 m - a scroll of immolation {unknown}
Potions
 b - 4 potions of flight
 f - a potion of brilliance
 k - 2 potions of lignification
 l - a potion of magic


   Skills:
 - Level 2.7 Dodging
 - Level 2.2 Stealth
 + Level 4.7 Spellcasting
 + Level 1.5 Conjurations
 - Level 4.0 Transmutations
 - Level 2.0 Air Magic
 + Level 6.2 Poison Magic


You had 9 spell levels left.
You knew the following spells:

 Your Spells              Type           Power      Damage    Failure   Level
a - Sting                 Tmut/Pois      84%        1d7       1%          1
b - Poisonous Vapours     Pois/Air       36%        N/A       1%          2
c - Mephitic Cloud        Conj/Pois/Air  15%        N/A       4%          3

Your spell library contained the following spells:

 Spells                   Type           Power      Damage    Failure   Level
 Olgreb's Toxic Radiance  Pois           25%        N/A       4%          4
 Ensorcelled Hibernation  Hex/Ice        8%         N/A       9%          2
 Slow                     Hex            4%         N/A       9%          2
 Confusing Touch          Hex            4%         N/A       17%         3
 Portal Projectile        Hex/Tloc       8%         N/A       17%         3
 Vampiric Draining        Necr           2%         2d6       17%         3
 Blade Hands              Tmut           8%         N/A       30%         5
 Iskenderun's Battlesphe  Conj           9%         2d6       61%         5
 Excruciating Wounds      Necr           2%         N/A       82%         5
 Statue Form              Tmut/Erth      6%         N/A       98%         6
 Iron Shot                Conj/Erth      3%         9d2       99%         6
 Spellforged Servitor     Conj/Summ      3%         N/A       100%        7


Dungeon Overview and Level Annotations

Branches:
Dungeon (6/15)
 Temple: D:4-7

Altars:
Fedhas
Gozag
Hepliaklqana
Nemelex Xobeh
Vehumet
Zin

Shops:
D:5 *


Innate Abilities, Weirdness & Mutations

((You are quick and stealthy near water. (Stealth+, EV+, Speed+++)))
Your lower body shifts to a powerful aquatic tail in water.


Message History

There is a stone staircase leading down here.
You start resting.
Magic restored.
You start resting.
HP restored.
There is a stone staircase leading down here.
You climb downwards.
The orc shouts!
You hear a shout! x5
A wight comes into view. It is wielding a +0 war axe.
The wight completely misses you. The wight hits you with a +3 spear!
You feel drained.
The orc throws a stone.
The stone barely misses you.
You hear a shout! x3
There is a stone staircase leading up, spattered with blood here.
You hear a shout!
The wight hits you with a +1 spear of freezing.
You feel drained. The wight freezes you. The wight closely misses you.
You climb upwards.
There is a stone staircase leading down here.
Casting: Poisonous Vapours (safe; 1% risk of failure)
Confirm with . or Enter, or press ? or * to list all spells.
Aiming: Sting (safe; 1% risk of failure)
Press: ? - help, Shift-Dir - straight line, f - wight
Aim: a wight, wielding a +1 spear of freezing and wearing a +0 robe (76% to hit)
The sting hits the wight.
The wight partially resists.
The wight is lightly damaged.
The wight barely misses you. x3
Casting: Sting (safe; 1% risk of failure)
Confirm with . or Enter, or press ? or * to list all spells.
Aiming: Sting (safe; 1% risk of failure)
Press: ? - help, Shift-Dir - straight line, f/p - wight
Aim: a wight, wielding a +1 spear of freezing and wearing a +0 robe (lightly damaged, 76% to hit)
The sting hits the wight.
The wight partially resists.
The wight is moderately damaged.
The wight hits you with a +3 spear.
The wight hits you with a +1 spear of freezing!
* * * LOW HITPOINT WARNING * * *
The wight freezes you.
* * * LOW HITPOINT WARNING * * *
The wight hits you with a +0 flail!
You die...

#### ##..# ##...##
##### #.....## #....
###.z....#######.###
#..@z.#.##.........#
#.z..>#....PPP.P...#
#....##............#
##..#####..P.P.P.P(#
#..###.#........P..
#..##.....P.._.....
##....#...P.....P..
#..#.##..P..P..P..
#...####..........


You could see 3 wights.

Vanquished Creatures
  A sky beast (D:5)
  2 ogres
  A centaur (D:5)
  3 scorpions
  2 hounds
  An orc priest (D:3)
  2 orc wizards (D:6)
  2 adders
  An ufetubus (D:4)
  3 dart slugs
  7 orcs
  3 bats
  10 endoplasms
  2 giant cockroaches
  8 goblins
  5 hobgoblins
  8 jackals
  9 kobolds
  6 quokkas
  5 ball pythons
  3 frilled lizards
  2 rats (D:3)
86 creatures vanquished.

Vanquished Creatures (others)
  9 plants (D:5)
9 creatures vanquished.

Grand Total: 95 creatures vanquished

Notes
Turn   | Place    | Note
-------+----------+-------------------------------------------
     0 | D:1      | Malroth the Merfolk Venom Mage began the quest for the Orb.
     0 | D:1      | Reached XP level 1. HP: 13/13 MP: 3/3
   119 | D:1      | Reached XP level 2. HP: 19/19 MP: 0/5
   260 | D:1      | Learned a level 2 spell: Poisonous Vapours
   801 | D:1      | Reached XP level 3. HP: 19/24 MP: 0/6
   846 | D:1      | Reached skill level 4 in Poison Magic
  1831 | D:2      | Found a faded altar of an unknown god.
  2716 | D:3      | Reached XP level 4. HP: 30/30 MP: 1/8
  3026 | D:3      | Found a blossoming altar of Fedhas.
  3026 | D:3      | Found a glowing silver altar of Zin.
  3593 | D:4      | Noticed a scorpion
  3598 | D:4      | Killed a scorpion
  3599 | D:4      | Reached XP level 5. HP: 35/35 MP: 2/9
  3625 | D:4      | Learned a level 3 spell: Mephitic Cloud
  3640 | D:4      | Noticed an ogre
  3802 | D:1      | Killed an ogre
  3803 | D:1      | Reached skill level 5 in Poison Magic
  3803 | D:1      | Reached XP level 6. HP: 21/41 MP: 3/11
  4005 | D:4      | Reached skill level 1 in Air Magic
  4757 | D:4      | Got Igidd's Grimoire of Mutagenic Snow
  5037 | D:5      | Entered Level 5 of the Dungeon
  5140 | D:5      | Found Nirad's Lightly-Used Armoury.
  5183 | D:5      | Noticed a sky beast
  5199 | D:5      | Killed a sky beast
  5200 | D:5      | Reached XP level 7. HP: 46/46 MP: 8/13
  5225 | D:5      | Found a hazy altar of Hepliaklqana.
  5320 | D:5      | Identified the +2 trident of Revolt {vorpal, *Noise rF+
                  | Will+ SInv}
  5345 | D:5      | Found an opulent altar of Gozag.
  5345 | D:5      | Found a sparkling altar of Nemelex Xobeh.
  5345 | D:5      | Noticed a yak
  5345 | D:5      | Noticed a yak
  5345 | D:5      | Noticed a yak
  5345 | D:5      | Noticed a yak
  5422 | D:5      | Reached skill level 1 in Conjurations
  5422 | D:5      | Reached skill level 6 in Poison Magic
  5799 | D:5      | Found a radiant altar of Vehumet.
  6034 | D:5      | Mangled by a wight

Illustrated notes

Levels and vault maps discovered:
D:1:      nzn_arrival_water_spiral, layout_rooms,
          chequers_serial_rivers_micro_d, minmay_distorted
D:2:      layout_basic, hellmonk_ecumenical_altar_inner_sanctum,
          hangedman_decor_clover_reticule
D:3:      layout_basic, gammafunk_temple_overflow_statue,
          chequers_serial_rivers_micro_c, chequers_arboretum,
          kennysheep_another_room
D:4:      layout_cave_pools, minivault_1, minmay_surrounded
D:5:      layout_cave_pools, grunt_temple_overflow_opulence,
          nzn_hepliaklqana_mist_gate, mainiacjoe_overflow_cross_hatched,
          minmay_shop_damaged
D:6:      layout_loops_ring, mainiacjoe_overflow_six_doors_small,
          mainiacjoe_overflow_concentric_impassable, temple_statues,
          skrybe_limestone_x

Skill      XL: |  1  2  3  4  5  6  7 |
---------------+----------------------+-----
Transmutations | 2 3 4 |  4.0
Poison Magic   | 4 5 6 |  6.2
Spellcasting   | 3 4 |  4.7
Air Magic      | 2 |  2.0
Conjurations   | 1 |  1.5
Dodging        | |  2.7
Stealth        | |  2.2

Action                   |  1- 3 |  4- 6 |  7- 9 || total
-------------------------+-------+-------+-------++-------
Melee: Unarmed           |     1 |       |       ||     1
       Short sword       |     4 |       |       ||     4
       Dagger            |       |       |     1 ||     1
 Cast: Sting             |    63 |    73 |    18 ||   154
       Poisonous Vapours |    14 |    47 |    16 ||    77
       Mephitic Cloud    |       |       |     2 ||     2
  Use: Scroll            |     4 |     2 |     1 ||     7
Armor: Robe              |    10 |     4 |       ||    14
Dodge: Dodged            |    31 |    53 |    14 ||    98
